 Dungeon Crawl Stone Soup version 0.31-a0-640-g39d97e502b (webtiles) character file.

Game seed: 15461367279161683906

443 qw the Shooter (level 7, -8/43 HPs)
             Began as a Gargoyle Hunter on Aug 27, 2023.
             Blown up by Ijyb (12 damage)
             ... with a mindburst bolt
             ... on level 4 of the Dungeon.
             The game lasted 00:01:13 (2680 turns).

qw the Shooter (Gargoyle Hunter)                    Turns: 2680, Time: 00:01:13

Health: -8/43      AC: 12    Str: 15    XL:     7   Next: 2%
Magic:  7/7        EV: 11    Int:  9    God:
Gold:   177        SH:  0    Dex: 15    Spells: 6/6 levels left

rFire   . . .        Y - +0 shortbow
rCold   . . .        (shield currently unavailable)
rNeg    + . .        f - +0 ring mail
rPois   inf          b - +0 helmet
rElec   +            (no cloak)
rCorr   .            (no gloves)
SInv    .            e - +0 pair of boots
Will    .....        (no amulet)
Stlth   +            (no ring)
HPRegen 0.27/turn    (no ring)
MPRegen 0.10/turn

%: no passive effects
@: no status effects
A: sickness immunity, AC +4, negative energy resistance 1, electricity
resistance, torment resistance 1, petrification resistance
a: no special abilities


You were on level 4 of the Dungeon.
You visited 1 branch of the dungeon, and saw 4 of its levels.

You collected 177 gold pieces.


Innate Abilities, Weirdness & Mutations

You are immune to sickness and miasma.
Your stone body is resilient. (AC +4)
You are immune to poison.
You resist negative energy. (rN+)
You are resistant to electric shocks. (rElec)
You are resistant to unholy torment.
You are immune to petrification.


   Skills:
 - Level 4.0 Fighting
 + Level 7.1 Ranged Weapons
 - Level 2.0 Armour
 - Level 1.5 Dodging
 - Level 1.1 Stealth


You had 6 spell levels left.
You didn't know any spells.
Your spell library was empty.

Inventory:

Hand Weapons
 Y - a +0 shortbow (weapon)
Armour
 b - a +0 helmet (worn)
 e - a +0 pair of boots (worn)
 f - a +0 ring mail (worn)
Scrolls
 j - a scroll of identify
Potions
 a - a potion of lignification {unknown}
 d - a potion of curing {unknown}
 g - a potion of haste {unknown}
 i - a potion of attraction {unknown}

Dungeon Overview and Level Annotations

Branches:
Dungeon (4/15)
 Temple: D:4-7

Altars:
Makhleb
Vehumet
Yredelemnul

Annotations:
D:4 Ijyb


Message History

Ijyb is nearby!
You shoot an arrow. The arrow closely misses Ijyb.
Ijyb shouts!
Ijyb grins evilly.
A dart slug comes into view.
You shoot an arrow. The arrow misses Ijyb.
Ijyb zaps a wand.
You struggle to resist.
You shoot an arrow. The arrow closely misses Ijyb.
The arrow hits the dart slug.
The dart slug is heavily wounded.
You shoot an arrow. The arrow hits Ijyb but does no damage.
Ijyb zaps a wand.
Your mind is blasted!
You shoot an arrow. The arrow hits Ijyb.
Ijyb is lightly wounded.
You shoot an arrow. The arrow hits Ijyb.
Ijyb is lightly wounded.
Ijyb barely misses you.
Ijyb hits you with a +4 dagger of flaming.
Ijyb burns you.
You shoot an arrow. The arrow hits Ijyb but does no damage.
Ijyb is lightly wounded.
Ijyb zaps a wand.
Your mind is blasted!
You shoot an arrow. The arrow barely misses Ijyb.
The arrow hits the dart slug but does no damage.
The dart slug is heavily wounded.
Ijyb hits you but does no damage.
You shoot an arrow. The arrow barely misses Ijyb.
The arrow hits the dart slug.
The dart slug is severely wounded.
Ijyb zaps a wand.
Your mind is blasted!
You shoot an arrow. The arrow hits Ijyb but does no damage.
Ijyb is lightly wounded.
Ijyb closely misses you.
You shoot an arrow. The arrow barely misses Ijyb.
The arrow hits the dart slug!
You kill the dart slug!
Ijyb zaps a wand.
Your mind is blasted!
You shoot an arrow. The arrow hits Ijyb but does no damage.
Ijyb is lightly wounded.
Ijyb hits you but does no damage. x2
You shoot an arrow. The arrow barely misses Ijyb.
Ijyb zaps a wand.
Your mind is blasted!
You die...

.# ## . . .#.
... ... #.# #.#
#.# #.# #.# #g#
#.# #@# #.# #.#
#.# #.##.###.#
#..^.....#
#..###.########
#.. #.....>.).
##.###.########
#.....# ###.###


You could see Ijyb.

Vanquished Creatures
  A phantom (D:4)
  A scorpion (D:3)
  A hound (D:4)
  An orc priest (D:4)
  A sleepcap (D:4)
  Jessica (D:3)
  An iguana (D:4)
  Terence (D:2)
  4 gnolls
  3 adders
  A worm (D:4)
  A dart slug (D:4)
  4 orcs (D:4)
  A bat (D:1)
  6 endoplasms
  3 giant cockroaches
  6 goblins
  6 hobgoblins
  6 jackals
  3 quokkas (D:3)
  9 ball pythons
  6 frilled lizards (D:1)
  11 kobolds
  5 rats
83 creatures vanquished.

Vanquished Creatures (others)
  An orc wizard (D:4)
1 creature vanquished.

Grand Total: 84 creatures vanquished

Notes
Turn   | Place    | Note
-------+----------+-------------------------------------------
     0 | D:1      | qw the Gargoyle Hunter began the quest for the Orb.
     0 | D:1      | Reached XP level 1. HP: 12/12 MP: 1/1
     0 | D:1      | 0 ||| qw: Version: 0.3-a-74-g0d5e918
     0 | D:1      | 0 ||| qw: Game counter: 53
     0 | D:1      | 0 ||| qw: Melee chars always use a shield: true
     0 | D:1      | 0 ||| qw: God list: Okawaru
     0 | D:1      | 0 ||| qw: Allow faded altars: false
     0 | D:1      | 0 ||| qw: Do Orc after clearing Dungeon:15 true
     0 | D:1      | 0 ||| qw: Do second Lair branch before Depths: true
     0 | D:1      | 0 ||| qw: Lair rune preference: random
     0 | D:1      | 0 ||| qw: Goals: Normal
     0 | D:1      | 0 ||| PLANNING D:1-11
   134 | D:1      | Reached XP level 2. HP: 17/17 MP: 2/2
   245 | D:1      | 245 ||| Stepping ~*~*~tactically~*~*~ (retreating).
   457 | D:1      | Reached XP level 3. HP: 21/21 MP: 3/3
   472 | D:1      | Reached skill level 5 in Ranged Weapons
   742 | D:1      | Found a radiant altar of Vehumet.
   751 | D:1      | 751 ||| UPGRADING to +0 ring mail.
   761 | D:1      | 761 ||| DROPPING +0 leather armour.
   762 | D:1      | 762 ||| READING scroll labelled TEOCVIGRUO.
   763 | D:1      | 763 ||| READING scroll labelled EXOUNK TUSIWK.
   764 | D:1      | 764 ||| READING scroll labelled SYOMEA KERGHITS.
   765 | D:1      | 765 ||| DROPPING scroll of butterflies.
   980 | D:2      | Reached skill level 1 in Armour
  1093 | D:2      | Reached XP level 4. HP: 27/27 MP: 4/4
  1123 | D:2      | Reached skill level 3 in Fighting
  1350 | D:2      | Noticed Terence
  1364 | D:2      | Killed Terence
  1693 | D:2      | 1693 ||| UPGRADING to +0 helmet.
  1698 | D:2      | 1698 ||| READING scroll labelled VOHEEFITHUPS.
  1726 | D:3      | Noticed a scorpion
  1738 | D:3      | Killed a scorpion
  1739 | D:3      | Reached skill level 6 in Ranged Weapons
  1739 | D:3      | Reached XP level 5. HP: 32/32 MP: 5/5
  1739 | D:3      | Noticed Jessica
  1742 | D:3      | Killed Jessica
  1964 | D:3      | Found a burning altar of Makhleb.
  2091 | D:3      | 2091 ||| Stepping ~*~*~tactically~*~*~ (outnumbered).
  2093 | D:3      | 2093 ||| Stepping ~*~*~tactically~*~*~ (outnumbered).
  2095 | D:3      | 2095 ||| Stepping ~*~*~tactically~*~*~ (outnumbered).
  2104 | D:3      | Reached XP level 6. HP: 29/38 MP: 6/6
  2226 | D:3      | 2226 ||| UPGRADING to +0 pair of boots.
  2231 | D:3      | 2231 ||| DROPPING ring of flight.
  2232 | D:3      | 2232 ||| READING scroll labelled YFORE OSSOA.
  2236 | D:3      | 2236 ||| READING scroll labelled HAFYWU XORCHAUN.
  2237 | D:3      | 2237 ||| READING scroll labelled UGOSYX TEMAX.
  2314 | D:4      | Noticed Ijyb
  2315 | D:4      | 2315 ||| Stepping ~*~*~tactically~*~*~ (outnumbered).
  2317 | D:4      | 2317 ||| RETREATING.
  2333 | D:4      | HP: 9/38 [Ijyb/+4 dagger of flaming (1)]
  2334 | D:4      | 2334 ||| READING scroll of teleportation.
  2495 | D:4      | Found a basalt altar of Yredelemnul.
  2520 | D:4      | Reached skill level 7 in Ranged Weapons
  2633 | D:4      | Reached XP level 7. HP: 43/43 MP: 7/7
  2676 | D:4      | HP: 8/43 [disintegration (7)]
  2680 | D:4      | Blown up by Ijyb

Levels and vault maps discovered:
D:1:      dpeg_arrival_water_altar, layout_loops_ring, minmay_misc_feat_enclosed
D:2:      layout_basic, uniq_terence
D:3:      layout_basic, mainiacjoe_overflow_24_doors, uniq_jessica
D:4:      layout_loops_ring, mainiacjoe_overflow_cross_hatched, serial_shops,
          nicolae_lakefront_shop, kennysheep_mini, uniq_ijyb

Skill      XL: |  1  2  3  4  5  6 |
---------------+-------------------+-----
Ranged Weapons | 5 6 7 |  7.1
Armour         | 1 2 |  2.0
Fighting       | 3 4 |  4.0
Dodging        | |  1.5
Stealth        | |  1.1

Action                     |  1- 3 |  4- 6 |  7- 9 || total
---------------------------+-------+-------+-------++-------
   Fire: Shortbow          |   110 |   203 |    15 ||   328
    Use: Scroll            |     3 |     5 |       ||     8
 Armour: Leather armour    |    39 |       |       ||    39
         Ring mail         |     3 |    68 |     3 ||    74
  Dodge: Dodged            |    45 |    70 |     2 ||   117

Table legend:
 A = Non-vault XP
 B = Vault XP
 C = Vault XP percentage of total XP
 D = Non-vault monster count
 E = Vault monster count
 F = Vault count percentage of total count
                 A         B        C        D         E       F
            +---------+---------+-------+---------+---------+-------
      Total |     561 |      73 |  11.5 |      81 |       2 |   2.4
            +---------+---------+-------+---------+---------+-------
        D:1 |      58 |       0 |   0.0 |      31 |       0 |   0.0
        D:2 |      51 |      36 |  41.4 |      17 |       1 |   5.6
        D:3 |     162 |      37 |  18.6 |      18 |       1 |   5.3
        D:4 |     290 |       0 |   0.0 |      15 |       0 |   0.0
            +---------+---------+-------+---------+---------+-------
